2918 views
Uploaded 2019-12-04 18:41:47
Game version 1.32.0.3 / 1.32.0.3.1
5:03 long 4on4 ladder game on (8)Mur'gulOasis_LV
Saved by TIMG4STRok
2918 views
Uploaded 2019-12-04 18:41:47
Game version 1.32.0.3 / 1.32.0.3.1
5:03 long 4on4 ladder game on (8)Mur'gulOasis_LV


55 units @ 3.9k
/ 0k
54 buildings @ 3.5k
/ 1.2k

| Peasant | 14 | 1050 | / | 0 |
| total: | 14 | 1050g | / | 0w |
| Scout Tower | 4 | 120 | / | 80 |
| Arcane Tower | 2 | 140 | / | 100 |
| Guard Tower | 2 | 140 | / | 100 |
| Lumber Mill | 1 | 120 | / | 0 |
| Farm | 2 | 160 | / | 40 |
| Altar of Kings | 1 | 180 | / | 50 |
| Arcane Vault | 1 | 130 | / | 30 |
| Keep | 1 | 320 | / | 210 |
| total: | 9 | 710g | / | 200w |
| 0:02 | Peasant |
| 0:04 | Lumber Mill |
| 0:06 | Peasant |
| 0:13 | Peasant |
| 0:21 | Farm |
| 0:29 | Peasant |
| 0:37 | Altar of Kings |
| 0:44 | Peasant |
| 0:50 | Peasant |
| 0:54 | Farm |
| 1:01 | Scout Tower |
| 1:15 | Peasant |
| 1:38 | Scout Tower |
| 1:40 | Arcane Tower |
| 1:43 | Peasant |
| 1:55 | Peasant |
| 2:17 | Summon Lava Spawn |
| 2:28 | Arcane Vault |
| 2:28 | Arcane Tower |
| 2:36 | Peasant |
| 2:37 | Peasant |
| 2:37 | Peasant |
| 2:38 | Peasant |
| 2:49 | Peasant |
| 2:55 | Scout Tower |
| 3:10 | Scout Tower |
| 3:49 | Guard Tower |
| 3:53 | Soul Burn |
| 4:44 | Keep |
| 4:45 | Guard Tower |
| 4:56 | Summon Lava Spawn |
| Right click | 208 |
| Assign group | 188 |
| Select | 116 |
| Chat | 46 |
| Select group | 45 |
| Build/train/purchase | 37 |
| Misc. action | 19 |
| Use ability | 2 |

| Wisp | 15 | 900 | / | 0 |
| total: | 15 | 900g | / | 0w |
| Altar of Elders | 1 | 180 | / | 50 |
| Moon Well | 3 | 540 | / | 120 |
| Tree of Ages | 1 | 320 | / | 180 |
| total: | 4 | 720g | / | 170w |
| 0:01 | Wisp |
| 0:07 | Altar of Elders |
| 0:14 | Wisp |
| 0:20 | Moon Well |
| 0:21 | Wisp |
| 0:32 | Wisp |
| 0:43 | Wisp |
| 1:03 | Wisp |
| 1:23 | Wisp |
| 1:35 | Moon Well |
| 1:36 | Wisp |
| 2:00 | Wisp |
| 2:00 | Wisp |
| 2:25 | Mana Burn |
| 2:28 | Wisp |
| 2:54 | Wisp |
| 2:56 | Wisp |
| 3:37 | Wisp |
| 3:37 | Wisp |
| 3:56 | Moon Well |
| 4:29 | Tree of Ages |
| 4:38 | Evasion |
| Right click | 222 |
| Build/train/purchase | 82 |
| Select | 59 |
| Select group | 59 |
| Chat | 50 |
| Assign group | 49 |
| Resource trade | 28 |
| Use ability | 5 |
| Minimap ping | 1 |

| Boots of Speed | 1 | 250 |
| Staff of Teleportation | 1 | 150 |
| total: | 2 | 400g |
| Peasant | 12 | 900 | / | 0 |
| total: | 12 | 900g | / | 0w |
| Scout Tower | 10 | 300 | / | 200 |
| Arcane Tower | 1 | 70 | / | 50 |
| Guard Tower | 4 | 280 | / | 200 |
| Altar of Kings | 1 | 180 | / | 50 |
| Farm | 4 | 320 | / | 80 |
| Lumber Mill | 1 | 120 | / | 0 |
| Keep | 1 | 320 | / | 210 |
| total: | 16 | 920g | / | 330w |
| 0:02 | Peasant |
| 0:02 | Peasant |
| 0:13 | Altar of Kings |
| 0:18 | Farm |
| 0:24 | Peasant |
| 0:37 | Peasant |
| 0:43 | Peasant |
| 0:48 | Lumber Mill |
| 0:54 | Farm |
| 0:57 | Scout Tower |
| 0:58 | Peasant |
| 1:09 | Peasant |
| 1:15 | Peasant |
| 1:28 | Peasant |
| 1:42 | Arcane Tower |
| 1:43 | Scout Tower |
| 1:44 | Scout Tower |
| 1:47 | Peasant |
| 1:55 | Peasant |
| 2:13 | Summon Water Elemental |
| 2:20 | Guard Tower |
| 2:21 | Scout Tower |
| 2:22 | Scout Tower |
| 2:22 | Peasant |
| 3:19 | Keep |
| 3:20 | Scout Tower |
| 3:21 | Guard Tower |
| 3:42 | Guard Tower |
| 3:43 | Farm |
| 3:47 | Brilliance Aura |
| 3:49 | Guard Tower |
| 3:50 | Scout Tower |
| 3:51 | Scout Tower |
| 3:52 | Scout Tower |
| 3:53 | Scout Tower |
| 4:18 | Boots of Speed |
| 4:18 | Staff of Teleportation |
| 4:45 | Farm |
| 4:47 | Improved Masonry |
| Right click | 336 |
| Select | 82 |
| Build/train/purchase | 32 |
| Select group | 29 |
| Chat | 28 |
| Assign group | 7 |
| Use ability | 3 |
| Misc. action | 1 |

| Staff of Teleportation | 1 | 150 |
| Boots of Speed | 2 | 500 |
| total: | 3 | 650g |
| Peasant | 14 | 1050 | / | 0 |
| total: | 14 | 1050g | / | 0w |
| Scout Tower | 19 | 570 | / | 380 |
| Arcane Tower | 3 | 210 | / | 150 |
| Guard Tower | 10 | 700 | / | 500 |
| Altar of Kings | 1 | 180 | / | 50 |
| Farm | 4 | 320 | / | 80 |
| Lumber Mill | 1 | 120 | / | 0 |
| Keep | 1 | 320 | / | 210 |
| total: | 25 | 1190g | / | 510w |
| 0:08 | Peasant |
| 0:08 | Peasant |
| 0:12 | Peasant |
| 0:15 | Altar of Kings |
| 0:21 | Farm |
| 0:30 | Peasant |
| 0:43 | Peasant |
| 0:52 | Peasant |
| 1:03 | Scout Tower |
| 1:09 | Peasant |
| 1:12 | Scout Tower |
| 1:14 | Scout Tower |
| 1:18 | Farm |
| 1:23 | Lumber Mill |
| 1:26 | Peasant |
| 1:26 | Peasant |
| 1:30 | Arcane Tower |
| 1:31 | Scout Tower |
| 1:44 | Arcane Tower |
| 1:46 | Scout Tower |
| 1:49 | Peasant |
| 1:51 | Peasant |
| 2:03 | Scout Tower |
| 2:05 | Peasant |
| 2:10 | Scout Tower |
| 2:14 | Summon Water Elemental |
| 2:26 | Guard Tower |
| 2:27 | Guard Tower |
| 2:28 | Guard Tower |
| 2:29 | Scout Tower |
| 2:32 | Peasant |
| 2:33 | Improved Masonry |
| 2:41 | Scout Tower |
| 2:43 | Scout Tower |
| 2:44 | Guard Tower |
| 2:57 | Guard Tower |
| 3:00 | Scout Tower |
| 3:13 | Guard Tower |
| 3:14 | Scout Tower |
| 3:15 | Peasant |
| 3:33 | Scout Tower |
| 3:39 | Keep |
| 3:42 | Scout Tower |
| 3:43 | Guard Tower |
| 3:44 | Guard Tower |
| 3:45 | Scout Tower |
| 3:51 | Farm |
| 3:52 | Farm |
| 3:58 | Brilliance Aura |
| 4:08 | Scout Tower |
| 4:10 | Arcane Tower |
| 4:12 | Scout Tower |
| 4:14 | Guard Tower |
| 4:15 | Scout Tower |
| 4:16 | Scout Tower |
| 4:17 | Staff of Teleportation |
| 4:17 | Boots of Speed |
| 4:22 | Boots of Speed |
| Select group | 264 |
| Chat | 156 |
| Right click | 146 |
| Select | 73 |
| Build/train/purchase | 43 |
| Misc. action | 6 |
| Assign group | 5 |
| Use ability | 3 |
| Item give/drop | 2 |
| Minimap ping | 2 |
/ 0.3k
25 buildings @ 3.7k
/ 1.1k
| Wisp | 7 | 420 | / | 0 |
| total: | 7 | 420g | / | 0w |
| Altar of Elders | 1 | 180 | / | 50 |
| Moon Well | 1 | 180 | / | 40 |
| Ancient of War | 1 | 150 | / | 60 |
| total: | 3 | 510g | / | 150w |
| 0:07 | Altar of Elders |
| 0:14 | Moon Well |
| 0:16 | Wisp |
| 0:16 | Wisp |
| 0:18 | Wisp |
| 0:35 | Ancient of War |
| 0:41 | Wisp |
| 0:52 | Wisp |
| 0:58 | Wisp |
| 1:03 | Wisp |
| Select | 21 |
| Right click | 14 |
| Build/train/purchase | 7 |
| Use ability | 3 |


| Wisp | 10 | 600 | / | 0 |
| Archer | 4 | 520 | / | 40 |
| total: | 14 | 1120g | / | 40w |
| Altar of Elders | 1 | 180 | / | 50 |
| Ancient of War | 1 | 150 | / | 60 |
| Moon Well | 4 | 720 | / | 160 |
| Hunter's Hall | 2 | 420 | / | 200 |
| Tree of Ages | 1 | 320 | / | 180 |
| total: | 8 | 1470g | / | 470w |
| 0:05 | Wisp |
| 0:05 | Wisp |
| 0:20 | Wisp |
| 0:24 | Altar of Elders |
| 0:33 | Wisp |
| 0:51 | Ancient of War |
| 0:56 | Wisp |
| 1:11 | Moon Well |
| 1:30 | Wisp |
| 2:05 | Archer |
| 2:05 | Archer |
| 2:22 | Trueshot Aura |
| 2:24 | Archer |
| 2:25 | Archer |
| 2:29 | Wisp |
| 2:30 | Wisp |
| 2:34 | Hunter's Hall |
| 2:38 | Moon Well |
| 2:39 | Wisp |
| 2:39 | Wisp |
| 2:51 | Moon Well |
| 3:01 | Force of Nature |
| 3:30 | Moon Well |
| 3:39 | Tree of Ages |
| 3:45 | Hunter's Hall |
| Select | 53 |
| Right click | 37 |
| Build/train/purchase | 20 |
| Assign group | 9 |
| Select group | 9 |
| Use ability | 3 |
| Misc. action | 2 |

| Peasant | 7 | 525 | / | 0 |
| Footman | 2 | 270 | / | 0 |
| Rifleman | 2 | 410 | / | 60 |
| total: | 11 | 1205g | / | 60w |
| Scout Tower | 2 | 60 | / | 40 |
| Arcane Tower | 1 | 70 | / | 50 |
| Altar of Kings | 1 | 180 | / | 50 |
| Farm | 4 | 320 | / | 80 |
| Barracks | 1 | 160 | / | 60 |
| Blacksmith | 1 | 140 | / | 60 |
| total: | 9 | 860g | / | 290w |
| 0:17 | Altar of Kings |
| 0:21 | Farm |
| 0:23 | Peasant |
| 0:23 | Peasant |
| 0:54 | Peasant |
| 0:55 | Peasant |
| 1:02 | Barracks |
| 1:30 | Peasant |
| 1:30 | Peasant |
| 1:56 | Blacksmith |
| 1:59 | Peasant |
| 2:02 | Farm |
| 2:06 | Farm |
| 2:25 | Thunder Clap |
| 3:07 | Scout Tower |
| 3:17 | Footman |
| 3:17 | Footman |
| 3:30 | Farm |
| 3:34 | Scout Tower |
| 3:39 | Rifleman |
| 3:54 | Arcane Tower |
| 4:12 | Rifleman |
| Right click | 69 |
| Select group | 43 |
| Chat | 41 |
| Select | 38 |
| Build/train/purchase | 17 |
| Assign group | 4 |

| Acolyte | 2 | 150 | / | 0 |
| Ghoul | 1 | 120 | / | 0 |
| Crypt Fiend | 4 | 860 | / | 160 |
| Archer | 1 | 130 | / | 10 |
| total: | 8 | 1260g | / | 170w |
| Graveyard | 1 | 215 | / | 0 |
| Crypt | 1 | 200 | / | 50 |
| Ziggurat | 2 | 300 | / | 100 |
| Altar of Darkness | 1 | 180 | / | 50 |
| Halls of the Dead | 1 | 320 | / | 210 |
| total: | 5 | 895g | / | 200w |
| 0:17 | Graveyard |
| 0:24 | Crypt |
| 0:34 | Ziggurat |
| 1:26 | Altar of Darkness |
| 1:35 | Acolyte |
| 1:45 | Ghoul |
| 2:03 | Crypt Fiend |
| 2:19 | Acolyte |
| 2:38 | Crypt Fiend |
| 2:50 | Archer |
| 3:01 | Crypt Fiend |
| 3:17 | Ziggurat |
| 3:29 | Death Coil |
| 3:51 | Crypt Fiend |
| 4:10 | Halls of the Dead |
| Right click | 72 |
| Chat | 62 |
| Select | 43 |
| Build/train/purchase | 11 |
| Misc. action | 3 |
| Use ability | 1 |
⇛